 Dungeon Crawl Stone Soup version 0.28.0 (webtiles) character file.

Game seed: 10916767490694576811

467 sanka the Conjurer (level 7, 59/59 HPs)
             Began as an Ogre Earth Elementalist on Feb 9, 2022.
             Was an Initiate of Vehumet.
             Quit the game on level 4 of the Dungeon.
             The game lasted 00:07:48 (5650 turns).

sanka the Conjurer (Ogre Earth Elementalist)        Turns: 5650, Time: 00:07:49

Health: 59/59      AC:  3    Str: 13    XL:     7   Next: 8%
Magic:  10/10      EV: 13    Int: 24    God:    Vehumet [......]
Gold:   186        SH:  0    Dex:  9    Spells: 4/10 levels left

rFire   . . .      SeeInvis .   d - +0 spear
rCold   . . .      Faith    .   (no shield)
rNeg    . . .      Spirit   .   b - +0 robe
rPois   +          Reflect  .   (helmet restricted)
rElec   .          Harm     .   (no cloak)
rCorr   .          Rampage  .   (gloves unavailable)
Will    +....                   (boots unavailable)
Stlth   ..........              (no amulet)
HPRegen 0.19/turn               j - +6 ring of intelligence
MPRegen 0.12/turn               s - ring "Xod Anaif" {Fly rPois Will+ EV+4 Stlth-}

@: flying
A: large, unfitting armour, tough skin 1
a: Renounce Religion


You were on level 4 of the Dungeon.
You worshipped Vehumet.
Vehumet was noncommittal.
You visited 2 branches of the dungeon, and saw 5 of its levels.

You collected 186 gold pieces.

Inventory:

Hand Weapons
 d - a +0 spear (weapon)
Missiles
 c - 107 stones
Armour
 b - a +0 robe (worn)
Magical Staves
 g - a staff of fire
Jewellery
 j - a +6 ring of intelligence (left hand)
 s - the ring "Xod Anaif" (right hand) {Fly rPois Will+ EV+4 Stlth-}
   (You found it on level 3 of the Dungeon)

   [ring of evasion]

   EV:        It affects your evasion (+4).
   rPois:     It protects you from poison.
   Fly:       It grants you flight.
   Will:      It increases your willpower.
   Stlth:     It makes you less stealthy.
Scrolls
 a - 2 scrolls of blinking {unknown}
 i - 2 scrolls of amnesia {unknown}
 k - 3 scrolls of noise {unknown}
 l - a scroll of vulnerability {unknown}
 m - a scroll of enchant armour {unknown}
 p - 3 scrolls of identify {unknown}
 q - a scroll of torment {unknown}
 t - a scroll of immolation {unknown}
 v - a scroll of silence {unknown}
Potions
 e - 3 potions of brilliance {unknown}
 f - a potion of curing {unknown}
 h - a potion of attraction {unknown}
 n - a potion of degeneration {unknown}
 o - 2 potions of magic {unknown}
 r - 2 potions of mutation {unknown}
 u - a potion of lignification {unknown}


   Skills:
 - Level 1.7 Dodging
 - Level 1.4 Stealth
 + Level 2.4 Spellcasting
 + Level 6.3 Conjurations
 - Level 0.8 Transmutations
 - Level 3.0 Earth Magic


You had 4 spell levels left.
You knew the following spells:

 Your Spells              Type           Power      Damage    Failure   Level
a - Sandblast             Erth           34%        2d9       3%          1
b - Passwall              Tmut/Erth      10%        N/A       8%          2
c - Stone Arrow           Conj/Erth      50%        3d10      4%          3

Your spell library contained the following spells:

 Spells                   Type           Power      Damage    Failure   Level
 Conjure Flame            Conj/Fire      18%        6-21      10%         3
 Dazzling Flash           Conj/Hex       36%        N/A       10%         3
 Call Imp                 Summ           2%         N/A       17%         2
 Ignite Poison            Fire/Tmut/Pois 4%         N/A       30%         3
 Sticky Flame             Conj/Fire      18%        2d4       30%         4
 Confusing Touch          Hex            2%         N/A       34%         3
 Tukima's Dance           Hex            2%         N/A       34%         3
 Petrify                  Tmut/Erth      12%        N/A       45%         4
 Anguish                  Hex/Necr       1%         N/A       75%         4
 Silence                  Hex/Air        1%         N/A       97%         5
 Enfeeble                 Hex            1%         N/A       100%        7


Dungeon Overview and Level Annotations

Branches:
Dungeon (4/15)             Temple (1/1) D:4

Altars:
Ashenzari
Cheibriados
Dithmenos
Elyvilon
Fedhas
Gozag
Hepliaklqana
Kikubaaqudgha
Makhleb
Okawaru
Qazlal
Ru
Sif Muna
Trog
Vehumet
Wu Jian
Xom
Yredelemnul
Zin
The Shining One

Annotations:
D:4 Pikel


Innate Abilities, Weirdness & Mutations

You are too large for most types of armour.
You have tough skin. (AC +1)


Message History

A kobold comes into view. It is wielding a +0 short sword.
There is an open door here.
The kobold shouts!
The stone arrow misses the kobold.
A bullfrog comes into view.
The bullfrog swells and bulges.
You hit the kobold but do no damage. The kobold hits you but does no damage.
The kobold hits you with a +0 short sword.
You closely miss the kobold. The kobold barely misses you.
There is an open door here.
The stone arrow hits the bullfrog!
The bullfrog is severely wounded.
The bullfrog closely misses you. The bullfrog barely misses you.
Casting: Stone Arrow (dangerous; 5% risk of failure)
Confirm with . or Enter, or press ? or * to list all spells.
Aiming: Sandblast (safe; 3% risk of failure)
Press: ? - help, Shift-Dir - straight line, f/p - bullfrog
Aim: a bullfrog (severely wounded, 74% to hit)
The blast of sand hits the bullfrog!
You kill the bullfrog!
Vehumet accepts your kill.
c - 107 stones You have reached level 7!
You hit the kobold but do no damage. The kobold closely misses you.
You closely miss the kobold. The kobold misses you.
You barely miss the kobold.
The kobold hits you with a +0 short sword.
You hit the kobold.
You kill the kobold!
Vehumet accepts your kill.
No target in view!
No target in view!
You start resting.
HP restored.
You start resting.
Magic restored.
Unknown command.
You fly up into the air.
s - the ring "Xod Anaif" (right hand) {Fly rPois Will+ EV+4 Stlth-} Are you sure you want to abandon this character and quit the game? (Confirm with "yes".)

.# # #..# .# #....#. #..#
.# #....#.. #..# .#
#....# ..##..# # .#
#....# '...# .# .#
#....######..# ..# .#
#....#...##..# ...# .#
#....#...###)#....#
.####....'...#..@.....#
.........#####........#
.............[........#
.....####.............#
.....# #.............#
.....# #.............#
#########.......#...#.#
....#.....####...#.#..#
....'.....#..#....>...##+


There were no monsters in sight!

Vanquished Creatures
  Menkaure (D:4)
  An ogre (D:4)
  A lemure (D:4)
  A bullfrog (D:4)
  An orc priest (D:4)
  An orc wizard (D:4)
  A hound skeleton (D:4)
  4 adders
  An adder skeleton (D:4)
  2 dart slugs (D:3)
  3 orcs
  7 endoplasms
  2 giant cockroaches
  10 goblins
  11 hobgoblins
  2 jackals (D:3)
  6 kobolds
  3 quokkas
  9 ball pythons
  8 bats
  A quokka skeleton (D:4)
  4 rats
80 creatures vanquished.

Notes
Turn   | Place    | Note
-------+----------+-------------------------------------------
     0 | D:1      | sanka the Ogre Earth Elementalist began the quest for the
                  | Orb.
     0 | D:1      | Reached XP level 1. HP: 16/16 MP: 3/3
   192 | D:1      | Reached skill level 1 in Conjurations
   314 | D:1      | Reached XP level 2. HP: 24/24 MP: 3/5
   340 | D:1      | Found a faded altar of an unknown god.
   623 | D:1      | Reached skill level 2 in Conjurations
  1166 | D:2      | Reached XP level 3. HP: 26/31 MP: 4/6
  1215 | D:2      | Learned a level 2 spell: Passwall
  1219 | D:2      | Learned a level 3 spell: Stone Arrow
  1522 | D:2      | Reached skill level 3 in Conjurations
  1976 | D:2      | Reached XP level 4. HP: 27/39 MP: 7/7
  2114 | D:2      | Got the Incunabulum of the Sage
  3381 | D:3      | Identified the ring "Xod Anaif" {Fly rPois Will+ EV+4
                  | Stlth-}
  3610 | D:4      | Reached skill level 4 in Conjurations
  3610 | D:4      | Reached XP level 5. HP: 43/45 MP: 6/8
  3652 | D:4      | Noticed Menkaure
  3844 | D:4      | Killed Menkaure
  3845 | D:4      | Reached skill level 5 in Conjurations
  3845 | D:4      | Reached XP level 6. HP: 53/53 MP: 0/9
  4116 | D:4      | Found a staircase to the Ecumenical Temple.
  4143 | Temple   | Entered the Ecumenical Temple
  4285 | Temple   | Became a worshipper of Vehumet
  4667 | D:4      | Noticed Pikel
  5480 | D:4      | Reached skill level 6 in Conjurations
  5590 | D:4      | Reached XP level 7. HP: 55/59 MP: 2/10
  5650 | D:4      | Quit the game

Illustrated notes

Levels and vault maps discovered:
D:1:      sevenhm_arrival_forest_fort_large_4, layout_loops_cross,
          basic_ecumenical_altar
D:2:      layout_basic, st_stairs_2, minmay_tree_intersection
D:3:      layout_loops_cross, corner_web_ring
D:4:      layout_gridville, minmay_temple_entry_crystal_x, uniq_menkaure,
          uniq_pikel
Temple:   regret_index_temple_chain_breaker

Skill      XL: |  1  2  3  4  5  6 |
---------------+-------------------+-----
Conjurations   | 1 2 3 4 5 6 |  6.3
Earth Magic    | 3 |  3.0
Dodging        | |  1.7
Stealth        | |  1.4
Spellcasting   | |  2.4
Transmutations | |  0.8

Action                   |  1- 3 |  4- 6 |  7- 9 || total
-------------------------+-------+-------+-------++-------
Melee: Spear             |   118 |   127 |     4 ||   249
       Punch             |     1 |       |       ||     1
 Cast: Sandblast         |    16 |    33 |       ||    49
       Stone Arrow       |       |    15 |       ||    15
 Stab: Sleeping          |     4 |     5 |       ||     9
Armor: Robe              |    26 |    42 |       ||    68
Dodge: Dodged            |    46 |    67 |     2 ||   115
